 Dungeon Crawl Stone Soup version 0.30-a0-612-g150a0467c1 (webtiles) character file.

Game seed: 3764350751704244765

1707835 HoaS the Merry Demigod (level 27, 248/273 HPs)
             Began as a Demigod Hunter on Jan 8, 2023.
             Escaped with the Orb
             ... and 3 runes!
             The game lasted 03:15:36 (73083 turns).

HoaS the Merry Demigod (Demigod Hunter)            Turns: 73083, Time: 03:15:36

Health: 248/273    AC: 25    Str: 12    XL:     27
Magic:  27/27      EV: 71    Int: 11    God:
Gold:   5767       SH:  0    Dex: 56    Spells: 26/26 levels left

rFire   + + .      SeeInvis .    p - +8 triple crossbow (freeze)
rCold   + . .      Faith    .    (shield currently unavailable)
rNeg    . . .      Spirit   .    q - +5 steam dragon scales
rPois   .          Reflect  .    (no helmet)
rElec   .          Harm     .    w - +4 dragonskin cloak
rCorr   .          Rampage  .    e - +1 pair of gloves {Dex+3}
Will    +++..      Rage     3%   H - +3 pair of mountain boots {steadfast, rC+}
Stlth   ++                       S - amulet of regeneration
HPRegen 1.45/turn                t - ring of protection from fire
MPRegen 0.20/turn                y - ring of Cawipal {rF+ Will+}

@: studying 2 skills
A: high MP 1, forlorn, divine attributes, fangs 1, berserk 1, deterioration 2,
subdued magic 1
0: Orb of Zot
}: 3/15 runes: barnacled, silver, gossamer
a: no special abilities


You escaped.
You visited 11 branches of the dungeon, and saw 51 of its levels.
You visited the Abyss 1 time.
You visited 2 bazaars.
You also visited: Bailey and Ice Cave.

You collected 8048 gold pieces.
You spent 2281 gold pieces at shops.

Inventory:

Hand Weapons
 p - a +8 triple crossbow of freezing (weapon)
Missiles
 l - 10 throwing nets
Armour
 e - a +1 pair of gloves of dexterity (worn)
 h - a +2 helmet
 q - +5 steam dragon scales (worn)
 w - the +4 dragonskin cloak (worn)
   (You took it off Tiamat on level 4 of the Realm of Zot)

   It grants the wearer a chance to resist fire, cold, poison, electricity,
   acid, and negative energy.
 H - the +3 pair of mountain boots (worn) {steadfast, rC+}
   (You found it on level 5 of the Vaults)

   It prevents involuntary movement, except for blinking, teleportation, or
   banishment.
   rC:        It protects you from cold.
Jewellery
 d - a ring of positive energy
 g - a ring of resist corrosion
 k - a ring of see invisible
 t - a ring of protection from fire (left hand)
 u - a +6 ring of dexterity
 y - the ring of Cawipal (right hand) {rF+ Will+}
   (You took it off a deep elf knight on level 3 of the Elven Halls)

   [ring of willpower]

   rF:        It protects you from fire.
   Will:      It increases your willpower.
 B - a ring of flight
 C - a ring of positive energy
 E - a ring of poison resistance
 M - the ring "Laazoi" {Fly rPois Will+ EV+5 Int+3}
   (You found it on level 5 of the Lair of Beasts)

   [ring of evasion]

   EV:        It affects your evasion (+5).
   Int:       It affects your intelligence (+3).
   rPois:     It protects you from poison.
   Fly:       It grants you flight.
   Will:      It increases your willpower.
 P - a +6 ring of dexterity
 S - an amulet of regeneration (around neck)
 U - the ring of Azikh {Ice Dex+3}
   (You found it on level 3 of the Lair of Beasts)

   [ring of ice]

   It enhances your ice magic.
   Dex:       It affects your dexterity (+3).
   rF:        It makes you vulnerable to fire.
   rC:        It protects you from cold.
Wands
 G - a wand of digging (10)
Scrolls
 a - 3 scrolls of summoning
 b - 7 scrolls of immolation
 c - 5 scrolls of poison
 f - 2 scrolls of silence
 i - 2 scrolls of fog
 s - 22 scrolls of teleportation
 v - 3 scrolls of brand weapon
 F - 8 scrolls of magic mapping
 L - 13 scrolls of fear
 N - 5 scrolls of blinking
Potions
 j - 27 potions of curing
 m - 8 potions of mutation
 o - 4 potions of cancellation
 r - 8 potions of attraction
 x - 10 potions of ambrosia
 A - a potion of invisibility
 I - 13 potions of heal wounds
 J - 3 potions of lignification
 K - 3 potions of resistance


   Skills:
 O Level 27 Fighting
 O Level 27 Ranged Weapons
 + Level 13.5 Armour
 O Level 27 Dodging
 - Level 0.8 Stealth


You had 26 spell levels left.
You didn't know any spells.
Your spell library contained the following spells:

 Spells                   Type           Power      Damage    Failure   Level
 Apportation              Tloc           0%         N/A       30%         1
 Foxfire                  Conj/Fire      0%         2x1d4     30%         1
 Kiss of Death            Conj/Necr      0%         2d5       30%         1
 Necrotise                Necr           0%         1d4       30%         1
 Sting                    Tmut/Pois      0%         1d3       30%         1
 Summon Small Mammal      Summ           0%         N/A       30%         1
 Blink                    Tloc           0%         N/A       43%         2
 Cigotuvi's Dreadful Rot  Necr/Pois/Air  0%         N/A       43%         2
 Ensorcelled Hibernation  Hex/Ice        0%         N/A       43%         2
 Momentum Strike          Conj/Tloc      0%         3d8       43%         2
 Passwall                 Tmut/Erth      0%         N/A       43%         2
 Poisonous Vapours        Pois/Air       0%         N/A       43%         2
 Static Discharge         Conj/Air       0%         2-2/arc   43%         2
 Sublimation of Blood     Necr           0%         N/A       43%         2
 Wereblood                Tmut           0%         N/A       43%         2
 Call Canine Familiar     Summ           0%         N/A       67%         3
 Dazzling Flash           Conj/Hex       0%         N/A       67%         3
 Frozen Ramparts          Ice            0%         1d1       67%         3
 Gell's Gravitas          Tloc           0%         N/A       67%         3
 Hailstorm                Conj/Ice       0%         3d3       67%         3
 Inner Flame              Hex/Fire       0%         N/A       67%         3
 Lesser Beckoning         Tloc           0%         N/A       67%         3
 Ozocubu's Armour         Ice            0%         N/A       67%         3
 Portal Projectile        Hex/Tloc       0%         N/A       67%         3
 Summon Guardian Golem    Hex/Summ       0%         N/A       67%         3
 Swiftness                Air            0%         N/A       67%         3
 Teleport Other           Tloc           0%         N/A       67%         3
 Tukima's Dance           Hex            0%         N/A       67%         3
 Vampiric Draining        Necr           0%         2d6       67%         3
 Vhi's Electric Charge    Tloc/Air       0%         N/A       67%         3
 Airstrike                Air            0%         2d(0-16)  97%         4
 Anguish                  Hex/Necr       0%         N/A       97%         4
 Animate Armour           Summ/Erth      0%         N/A       97%         4
 Animate Dead             Necr           0%         N/A       97%         4
 Cause Fear               Hex            0%         N/A       97%         4
 Flame Wave               Conj/Fire      0%         2d4       97%         4
 Ice Form                 Ice/Tmut       0%         N/A       97%         4
 Leda's Liquefaction      Hex/Erth       0%         N/A       97%         4
 Olgreb's Toxic Radiance  Pois           0%         N/A       97%         4
 Passage of Golubria      Tloc           0%         N/A       97%         4
 Petrify                  Tmut/Erth      0%         N/A       97%         4
 Sticky Flame             Conj/Fire      0%         2d3       97%         4
 Summon Lightning Spire   Summ/Air       0%         N/A       97%         4
 Agony                    Necr           0%         N/A       100%        5
 Arcjolt                  Conj/Air       0%         1d10      100%        5
 Blade Hands              Tmut           0%         N/A       100%        5
 Fireball                 Conj/Fire      0%         3d3       100%        5
 Freezing Cloud           Conj/Ice/Air   0%         6-21      100%        5
 Iskenderun's Battlesphe  Conj           0%         2d6       100%        5
 Lee's Rapid Deconstruct  Erth           0%         3d4*      100%        5
 Lightning Bolt           Conj/Air       0%         1d11      100%        5
 Metabolic Englaciation   Hex/Ice        0%         N/A       100%        5
 Silence                  Hex/Air        0%         N/A       100%        5
 Yara's Violent Unravell  Hex/Tmut       0%         3d3       100%        5
 Iron Shot                Conj/Erth      0%         9d1       100%        6
 Simulacrum               Ice/Necr       0%         N/A       100%        6
 Starburst                Conj/Fire      0%         6d3       100%        6
 Statue Form              Tmut/Erth      0%         N/A       100%        6
 Dragon Form              Tmut           0%         N/A       100%        7
 Enfeeble                 Hex            0%         N/A       100%        7
 Haunt                    Necr/Summ      0%         N/A       100%        7
 Malign Gateway           Summ/Tloc      0%         N/A       100%        7
 Orb of Destruction       Conj           0%         9d5       100%        7
 Ozocubu's Refrigeration  Ice            0%         4d7       100%        7
 Spellforged Servitor     Conj/Summ      0%         N/A       100%        7
 Summon Hydra             Summ           0%         N/A       100%        7
 Infestation              Necr           0%         N/A       100%        8
 Maxwell's Capacitive Co  Air            0%         ∞         100%        8
 Necromutation            Tmut/Necr      0%         N/A       100%        8
 Summon Horrible Things   Summ           0%         N/A       100%        8
 Dragon's Call            Summ           0%         N/A       100%        9
 Polar Vortex             Ice            0%         N/A       100%        9


Dungeon Overview and Level Annotations

Branches:
Dungeon (15/15)            Temple (0/1) D:6            Lair (5/5) D:11
 Shoals (4/4) Lair:2       Spider (4/4) Lair:3        Slime (0/5) Lair:4
    Orc (2/2) D:11            Elf (3/3) Orc:2        Vaults (5/5) D:13
  Crypt (3/3) Vaults:3       Tomb (0/3) Crypt:3      Depths (4/4) D:15
   Hell (visited)             Dis (0/7) Hell            Geh (0/7) Hell
    Coc (0/7) Hell            Tar (0/7) Hell            Zot (5/5) Depths:4
 Bailey (visited)           IceCv (visited)

Shops:
D:6 *   D:13 *   Orc:1 :   Orc:2 ![?=   Elf:1 [[   Elf:2 :   Vaults:2 [

Portals:
Hell: Depths:1 Depths:2 Depths:3 Depths:4
Abyss: Shoals:1 Depths:1 Depths:3
Pandemonium: Depths:2 Depths:3
Ziggurat: Depths:2

Annotations:
Depths:4 2 transporters, Awolom's ghost, veteran NaHW


Innate Abilities, Weirdness & Mutations

You have an increased reservoir of magic. (+10% MP)
You shall have no god before yourself.
Your divine heritage dramatically boosts your attributes as you level up.
You have very sharp teeth.
You sometimes lose your temper in combat.
Your body often deteriorates upon taking damage.
Your spells are a little easier to cast, but a little less powerful.


Message History

(Y) Tartarus (Z) Zot
Where to? (Enter - D:1, ? - help)
A reaper comes into view. It is wielding a +2 antimagic scythe.
You see here a +0 club.
The reaper closely misses you.
There is a stone staircase leading up here.
The reaper barely misses you.
You climb upwards.
There is a stone staircase leading down, spattered with blood here.
Items here: )) ÷÷.
Items here: ))))) [ ÷.
A red devil comes into view.
It is wielding a +1 vampiric demon trident.
There is a staircase leading out of the dungeon here.
You shoot a bolt. The bolt hits the red devil!!!
The bolt freezes the red devil.
You kill the red devil!
No target in view!
No target in view!
Really quaff the potion of mutation?
You feel extremely strange.
Your system completely accepts the healing effects of potions.
You no longer become unable to drink potions after taking damage.
Your teeth lengthen and sharpen.
You feel your body start to fall apart.
You feel less encumbered by your armour.
Really quaff the potion of mutation?
You feel extremely strange.
Your body's shape seems more normal.
You feel clever.
You no longer feel vulnerable to heat.
You feel a little pissed off.
You feel less encumbered by your armour.
You feel more encumbered by your armour.
You feel more energetic.
Really quaff the potion of mutation?
You feel extremely strange.
You feel more encumbered by your armour.
You begin to regenerate regardless of the presence of monsters.
The antennae on your head shrink away.
Your connection to magic feels subdued.
You feel less energetic.
You feel robust.
Sorry, you're not good enough to have a special ability.
You can't go down here!
You have escaped!

#[.#.#########.##.###...#####
#..#)....#####.....######
#..#.#####...#.....#...## #..#.#
##.⌠.#.....#.⌠.## #..#.#
##...#.....#...##
#..#.#########.....######
#.......................#
#..#.###................#
##.#..).........@.......#########
#.#####.........................
#.# #................###.#####
#.# ###.#####.....###### #.#
#)###...#...#.....#...## #.#
#)>[..#.#.⌠.#.....#.⌠.## #.#
#######.#...#.....#..)## #.#
#.#####....)###### #.#
#.##.###....###### #.#####


There were no monsters in sight!

Vanquished Creatures
  Tiamat (Zot:4)
  4 orbs of fire
  6 dread liches
  Mara (Shoals:3)
  An ancient lich (Zot:5)
  Josephina (Zot:1)
  Sojobo (Vaults:2)
  3 Killer Klowns (Zot:5)
  3 curse toes
  Saint Roka (Vaults:1)
  Geryon (Hell)
  The ghost of Etzawyl the Earth Mage, an adept OpEE of Vehumet (Crypt:3)
  The ghost of Dyrphilu the Spry, an adept GnMo of Gozag (Vaults:1)
  the Enchantress (D:15)
  6 golden dragons
  Nikola (Elf:1)
  4 bone dragons
  The ghost of Ge0ff the Devastator, an adept HuHW of Gozag (Elf:3)
  A profane servitor (Abyss:3)
  A shard shrike zombie (Crypt:2)
  Arachne (Spider:4)
  3 electric golems
  29 Orb Guardians
  Mlioglotl (Lair:3)
  26 tentacled monstrosities
  Jorgrun (Spider:1)
  3 titans
  2 deep elf blademasters
  2 deep elf master archers (Elf:3)
  8 liches
  13 quicksilver dragons
  A tentacled starspawn (Abyss:3)
  2 krakens
  Frances (D:13)
  10 storm dragons
  15 death cobs
  7 ancient champions
  7 sphinxes
  6 tengu reavers
  Roxanne (Spider:2)
  12 shadow dragons
  Kirke (Shoals:3)
  A demonspawn warmonger (Zot:3)
  7 draconian monks
  3 draconian knights
  4 revenants
  Ilsuiw (Shoals:2)
  3 iron dragons
  7 fire giants
  9 ghost moths
  21 vault wardens
  11 draconian shifters
  4 emperor scorpions
  A balrug (Hell)
  A shard shrike simulacrum (Abyss:3)
  A caustic shrike zombie (Hell)
  Louise (Spider:4)
  5 draconian scorchers
  14 deep elf sorcerers
  Aizul (Vaults:4)
  7 frost giants
  A spectral juggernaut (Depths:1)
  9 draconian annihilators
  3 deep elf elementalists (Elf:3)
  2 cacodemons
  7 draconian stormcallers
  2 orc warlords (Crypt:3)
  3 ghouls
  3 caustic shrike skeletons (Crypt:3)
  5 curse skulls
  6 juggernaut skeletons
  7 ironbound thunderhulks
  22 ironbound preservers
  8 reapers
  5 war gargoyles
  15 very ugly things
  6 spriggan defenders
  6 broodmothers
  A demonspawn blood saint (Depths:2)
  14 stone giants
  21 black draconians
  3 lorocyprocas
  10 deep elf demonologists
  13 green draconians
  10 vampire knights
  23 white draconians
  16 red draconians
  14 deep elf annihilators
  4 spark wasps
  22 purple draconians
  A dire elephant (shapeshifter) (Vaults:5)
  14 yellow draconians
  Snorg (D:11)
  2 iron golems
  12 deep elf death magi
  3 eidola
  14 fire dragons
  3 crystal guardians
  6 ettins
  11 merfolk impalers
  The ghost of Mesed the Cleaver, a journeyman FoFi (D:11)
  A fire dragon (shapeshifter) (Vaults:4)
  2 blizzard demons
  13 jiangshi
  4 merfolk javelineers (Shoals:4)
  The ghost of zero the Thaumaturge, a journeyman GrEE of Kikubaaqudgha (Lair:2)
  7 deep elf high priests
  4 spriggan zombies
  4 peacekeepers
  6 entropy weavers
  28 vault guards
  8 great orbs of eyes
  16 yaktaur captains
  Fannar (D:10)
  3 rakshasas
  7 hydras
  7 ice dragons
  2 jorogumos
  5 spriggan air magi
  6 merfolk avatars
  5 boulder beetles
  An anaconda (shapeshifter) (Vaults:2)
  5 ogre magi
  The ghost of Wumir the Covert, a journeyman SpBr of Trog (Lair:3)
  9 ironbound frosthearts
  18 centaur warriors
  4 spriggan skeletons
  4 radroaches
  A catoblepas (Lair:5)
  An alligator snapping turtle (Shoals:4)
  32 dancing weapons
  An alligator (shapeshifter) (Vaults:4)
  12 two-headed ogres
  8 death yaks
  Erica (D:11)
  4 satyrs
  5 deep troll shamans
  2 merfolk aquamancers
  4 tengu warriors
  A titan zombie (Hell)
  10 vampire magi
  7 hell hogs
  A naga warrior (Crypt:3)
  7 deep troll earth magi
  Sonja (Lair:3)
  5 spriggan berserkers
  8 soul eaters
  A thrashing horror (Shoals:1)
  5 sun demons
  3 titan skeletons
  4 shadow wraiths (Crypt:2)
  A crystal echidna (Hell)
  A storm dragon zombie (Hell)
  40 skeletal warriors
  Nergalle (Lair:2)
  25 deep elf knights
  12 hell knights
  A sun moth (Lair:3)
  5 pharaoh ants
  4 sixfirhies
  A bunyip zombie (Crypt:3)
  75 deep trolls
  A cherub (D:8)
  2 anaconda zombies (Hell)
  A spark wasp zombie (Hell)
  12 sea snakes
  5 iron trolls
  A deep troll (shapeshifter) (Vaults:5)
  A golden dragon zombie (Hell)
  7 flayed ghosts
  A bog body (IceCv)
  3 orange crystal statues (Hell)
  15 orb spiders
  5 steelbarb worms
  2 anaconda skeletons
  3 lindwurms (Vaults:2)
  13 phantasmal warriors
  4 glowing orange brains
  34 deep elf zephyrmancers
  A fenstrider witch simulacrum (Crypt:1)
  A tengu zombie (Hell)
  17 ironbound convokers
  18 wolf spiders
  11 necromancers
  7 orc knights
  11 harpies
  The ghost of zero the Thaumaturge, a novice DEEE of Vehumet (D:7)
  33 deep elf pyromancers
  2 obsidian statues
  5 wizards
  19 deep elf archers
  2 iron giant skeletons
  2 orc sorcerers
  3 starcursed masses (Abyss:3)
  A wolf spider (shapeshifter) (Vaults:5)
  5 oklob plants (Lair:4)
  A stone giant zombie (Hell)
  2 fire giant zombies (Hell)
  A shadow dragon skeleton (Depths:1)
  8 cyclopes
  2 frost giant zombies (Depths:1)
  9 manticores
  25 fauns
  40 moths of wrath
  33 ugly things
  A goliath frog skeleton (Crypt:3)
  23 vault sentinels
  12 merfolk sirens
  9 demonic crawlers
  3 apocalypse crabs
  14 elephants (Lair:5)
  A fire giant skeleton (Depths:1)
  2 rust devils
  10 water nymphs
  A water nymph (shapeshifter) (Vaults:5)
  4 black mambas
  Maurice (D:10)
  3 smoke demons
  5 torpor snails
  A centaur zombie (Crypt:2)
  A titan simulacrum (Crypt:3)
  2 orange demons
  9 cane toads
  A cane toad (shapeshifter) (Elf:1)
  A yellow draconian zombie (Crypt:3)
  2 ice statues (IceCv)
  Maggie (D:9)
  An orc skeleton (Crypt:3)
  A pale draconian zombie (Crypt:1)
  An unseen horror (D:11)
  A centaur skeleton (Crypt:3)
  A catoblepas zombie (Crypt:2)
  5 komodo dragons
  2 hellions
  6 ice devils
  4 anaconda simulacra (IceCv)
  3 freezing wraiths (Crypt:2)
  28 yaktaurs
  A swamp worm zombie (Crypt:2)
  A guardian mummy (Crypt:3)
  An elf skeleton (Vaults:4)
  2 rime drakes (Lair:4)
  5 tengu conjurers
  A red devil (D:1)
  A yaktaur skeleton (Vaults:4)
  A catoblepas skeleton (Crypt:3)
  14 trolls
  6 polar bears
  A pale draconian skeleton (Crypt:2)
  A merfolk (shapeshifter) (Vaults:4)
  3 hydra zombies (Hell)
  18 merfolk
  An ancient zyme (Abyss:3)
  2 meliai
  6 wind drakes
  17 hornets
  A queen bee (Lair:2)
  4 raiju (Abyss:3)
  6 harpy skeletons
  2 ice dragon zombies
  16 tarantellas
  13 blink frogs
  A radroach zombie (Crypt:3)
  7 snapping turtles
  3 ettin zombies
  9 air elementals
  5 dream sheep
  A draconian simulacrum (Zot:1)
  37 jumping spiders
  A ynoxinul (Abyss:3)
  An alligator skeleton (Hell)
  35 culicivoras
  9 flying skulls (Crypt:3)
  39 slime creatures
  A centaur simulacrum (Crypt:3)
  A slime creature zombie (Crypt:2)
  A vampire (D:9)
  An elf simulacrum (Vaults:4)
  26 spriggans
  12 water elementals
  An ettin skeleton (Crypt:3)
  An ice dragon skeleton (Crypt:3)
  3 wyverns
  3 dire elephant simulacra (IceCv)
  6 wraiths
  A golden eye (shapeshifter) (D:13)
  5 basilisks
  5 fire elementals
  2 hogs (Shoals:3)
  36 yaks
  An elf zombie (Vaults:4)
  A large abomination (Abyss:3)
  9 vampire mosquitoes
  4 chaos spawn (Shoals:1)
  A steam dragon (D:7)
  A redback (shapeshifter) (Depths:2)
  55 redbacks
  A black draconian simulacrum (Zot:1)
  A red draconian simulacrum (Zot:1)
  A cane toad zombie (Crypt:1)
  A spatial vortex (Shoals:1)
  10 wargs
  Edmund (D:4)
  2 harpy simulacra (IceCv)
  4 hell hounds (Depths:4)
  An acid dragon (D:12)
  2 hydra simulacra
  3 glowing shapeshifter zombies
  11 water moccasins
  A moth of wrath simulacrum (Zot:1)
  A demonspawn skeleton (Crypt:2)
  2 glowing shapeshifter skeletons
  3 naga skeletons (Crypt:3)
  A sky beast (D:4)
  22 orc warriors
  8 black bears
  An alligator simulacrum (Hell)
  An ice beast (D:6)
  30 ogres
  32 wolves
  3 boggarts (Lair:5)
  12 centaurs
  A phantom (D:5)
  2 draconian zombies (Crypt:1)
  3 kobold brigands
  A rime drake skeleton (Crypt:3)
  12 bullfrogs
  3 scorpions
  11 gnoll sergeants
  7 necrophages
  11 earth elementals
  8 wights
  2 cyclops skeletons
  A swamp dragon simulacrum (Crypt:3)
  14 killer bees
  8 electric eels
  6 howler monkeys
  A polar bear skeleton (Crypt:2)
  A crimson imp (Abyss:3)
  4 jellies
  8 hounds
  13 orc priests
  8 gnoll boudas
  A basilisk skeleton (Crypt:3)
  3 iguanas
  Ijyb (D:3)
  22 orc wizards
  14 hell rats
  2 spriggan simulacra
  2 yak simulacra (Lair:3)
  3 polar bear simulacra
  4 wolf simulacra
  12 mummies (Crypt:3)
  Robin (D:1)
  44 gnolls
  2 naga simulacra (IceCv)
  10 adders
  A shadow imp (D:6)
  A swamp drake skeleton (Crypt:1)
  A white imp (D:7)
  An ufetubus (Abyss:3)
  2 worms
  2 dart slugs (D:3)
  92 orcs
  4 endoplasms
  4 giant cockroaches
  41 goblins
  34 hobgoblins
  7 jackals
  15 kobolds
  4 quokkas
  4 ball pythons
  7 bats
  2 frilled lizards
  A frilled lizard skeleton (Crypt:3)
  10 rats
  A rat zombie (Crypt:1)
  4 river rat simulacra (Lair:3)
  3 fire vortices (Hell)
  3 plants
  4 tentacles (Shoals:3)
2713 creatures vanquished.

Vanquished Creatures (others)
  An ironbound preserver (Vaults:2)
  A glowing orange brain (Abyss:3)
  A human (Shoals:3)
  A warg (Vaults:4)
  2 hell rats (Hell)
  A kobold (D:7)
  19 fungi
  223 plants
  2 starspawn tentacles (Abyss:3)
  11 tentacles (Shoals:3)
  2 withered plants (D:7)
264 creatures vanquished.

Grand Total: 2977 creatures vanquished

Notes
Turn   | Place    | Note
-------+----------+-------------------------------------------
     0 | D:1      | HoaS the Demigod Hunter began the quest for the Orb.
     0 | D:1      | Reached XP level 1. HP: 17/17 MP: 3/3
   114 | D:1      | Reached XP level 2. HP: 24/24 MP: 4/4
   656 | D:1      | Reached XP level 3. HP: 3/29 MP: 5/5
   969 | D:1      | Reached skill level 5 in Ranged Weapons
  1122 | D:2      | Reached XP level 4. HP: 21/36 MP: 6/6
  1123 | D:2      | Noticed Robin
  1318 | D:1      | Killed Robin
  2601 | D:3      | Reached XP level 5. HP: 41/41 MP: 7/7
  2631 | D:3      | Noticed Ijyb
  2653 | D:3      | Killed Ijyb
  2942 | D:4      | Noticed a sky beast
  3387 | D:4      | Noticed Edmund
  3403 | D:5      | Entered Level 5 of the Dungeon
  3456 | D:4      | Reached XP level 6. HP: 32/48 MP: 8/8
  3997 | D:4      | Reached XP level 7. HP: 53/53 MP: 9/9
  4125 | D:4      | Killed Edmund
  5736 | D:5      | Reached XP level 8. HP: 60/60 MP: 10/10
  6150 | D:6      | Found Qetusoyl's General Store.
  6154 | D:6      | Bought a scroll of teleportation for 36 gold pieces
  6154 | D:6      | Bought a scroll of identify for 24 gold pieces
  6154 | D:6      | Bought a potion of heal wounds for 60 gold pieces
  6182 | D:6      | Reached skill level 10 in Ranged Weapons
  7255 | D:6      | Found a staircase to the Ecumenical Temple.
  7536 | D:7      | Reached XP level 9. HP: 59/67 MP: 9/11
  7826 | D:7      | Found a flagged portal.
  7870 | Bailey   | Entered a bailey
  9015 | D:7      | Identified the +4 spear "Keirr" {freeze, Int+4}
  9042 | D:7      | Found a runed translucent door.
  9042 | D:7      | Noticed zero's ghost (novice DEEE)
 10246 | D:9      | Reached XP level 10. HP: 73/73 MP: 13/13
 10384 | D:9      | Identified the +11 long sword of Tomorrow {vamp, Str+3}
 10409 | D:9      | Noticed a cyclops
 10409 | D:9      | You fall into a shaft and drop 2 floors!
 10415 | D:10     | Entered Level 10 of the Dungeon
 10562 | D:10     | Noticed a manticore
 10567 | D:10     | Killed a manticore
 10568 | D:10     | Reached skill level 15 in Ranged Weapons
 10627 | D:10     | Noticed a brown ugly thing
 10627 | D:10     | Noticed Fannar
 10799 | D:10     | Killed Fannar
 10958 | D:10     | Noticed a boulder beetle
 11106 | D:9      | Noticed Maggie
 11114 | D:9      | Killed Maggie
 11306 | D:9      | Killed a cyclops
 12294 | D:9      | Killed a boulder beetle
 12295 | D:9      | Reached XP level 11. HP: 49/79 MP: 9/14
 12562 | D:10     | HP: 3/79 [vampire mosquito (4)]
 12885 | D:10     | Noticed Maurice
 12891 | D:10     | Killed Maurice
 13461 | D:11     | Noticed a five-headed hydra
 13476 | D:11     | Killed a five-headed hydra
 13728 | D:11     | Found a staircase to the Orcish Mines.
 13845 | D:11     | Noticed Snorg
 13869 | D:11     | Killed Snorg
 14155 | D:11     | Noticed Erica
 14157 | D:11     | Killed Erica
 14401 | D:11     | Found a staircase to the Lair.
 14434 | D:11     | Found a runed translucent door.
 14439 | D:11     | Noticed Mesed's ghost (journeyman FoFi)
 14684 | D:11     | Identified the +3 buckler of Zatwaef {-Cast rPois rN+}
 14971 | D:7      | Killed zero's ghost
 15164 | Lair:1   | Entered Level 1 of the Lair of Beasts
 15749 | Lair:1   | Reached XP level 12. HP: 88/91 MP: 13/15
 15990 | Lair:1   | Reached skill level 5 in Fighting
 15992 | Lair:1   | Reached skill level 5 in Dodging
 16977 | Lair:2   | Found a staircase to the Shoals.
 17130 | Lair:2   | Found a transporter.
 17132 | Lair:2   | Noticed zero's ghost (journeyman GrEE)
 17134 | Lair:2   | Found a transporter.
 17444 | Lair:3   | Found a hole to the Spider Nest.
 17738 | Lair:3   | Noticed Nergalle
 17762 | Lair:2   | Killed Nergalle
 18081 | Lair:3   | Found a transporter.
 18099 | Lair:3   | Found a transporter.
 18102 | Lair:3   | Noticed Wumir's ghost (journeyman SpBr)
 18126 | Lair:3   | Noticed a four-headed hydra
 18498 | Lair:4   | Noticed Sonja
 18503 | Lair:3   | Killed Sonja
 18920 | Lair:4   | Reached XP level 13. HP: 99/107 MP: 14/16
 19062 | Lair:4   | Found a staircase to the Slime Pits.
 19672 | Lair:5   | Entered Level 5 of the Lair of Beasts
 19838 | Lair:5   | Identified the ring "Laazoi" {Fly rPois Will+ EV+5 Int+3}
 20526 | Lair:4   | Reached skill level 10 in Fighting
 20526 | Lair:4   | Reached skill level 10 in Dodging
 21412 | Lair:5   | Reached XP level 14. HP: 123/124 MP: 15/17
 21931 | D:12     | Found a frozen archway.
 21954 | IceCv    | Entered an ice cave
 23126 | Orc:1    | Entered Level 1 of the Orcish Mines
 24372 | Orc:2    | Entered Level 2 of the Orcish Mines
 24397 | Orc:1    | You are sucked into a shaft and drop 1 floor!
 25296 | Orc:2    | Found a staircase to the Elven Halls.
 25306 | Orc:2    | Found Akioshai's Armour Boutique.
 25310 | Orc:2    | Found Nyfoqak's Jewellery Emporium.
 25316 | Orc:2    | Found Pexunuk's Distillery.
 25319 | Orc:2    | Found Winnuiv's Magic Scroll Shop.
 25693 | Orc:2    | Bought a scroll of enchant weapon for 135 gold pieces
 25693 | Orc:2    | Bought a scroll of teleportation for 54 gold pieces
 25693 | Orc:2    | Bought a scroll of teleportation for 54 gold pieces
 25693 | Orc:2    | Bought a scroll of enchant armour for 135 gold pieces
 25973 | Orc:2    | Bought an amulet of the acrobat for 420 gold pieces
 25973 | Orc:2    | Bought a +6 ring of dexterity for 504 gold pieces
 26319 | Orc:1    | Found Epaczeex's Book Emporium.
 26432 | D:11     | Killed Mesed's ghost
 26909 | D:13     | Identified the +9 quarterstaff of Stickiness {flame, rPois
                  | MP+9 Int+4}
 27203 | D:13     | Noticed Frances
 27235 | D:13     | Found Waklel's Neck Hole.
 27422 | D:13     | Found a gate to the Vaults.
 27960 | D:14     | Reached XP level 15. HP: 136/136 MP: 18/18
 28235 | D:15     | Entered Level 15 of the Dungeon
 28560 | D:15     | Found a staircase to the Depths.
 28560 | D:15     | Noticed a fire giant
 28700 | D:15     | Killed a fire giant
 29161 | D:13     | Killed Frances
 29335 | Spider:1 | Entered Level 1 of the Spider Nest
 29335 | Spider:1 | Noticed Jorgrun
 29388 | Shoals:1 | Entered Level 1 of the Shoals
 29473 | Shoals:1 | Found a runed translucent door.
 30233 | Shoals:1 | Found a one-way gate to the infinite horrors of the Abyss.
 30738 | Shoals:2 | Noticed Ilsuiw
 31091 | Shoals:2 | Reached skill level 15 in Fighting
 31093 | Shoals:2 | Reached skill level 15 in Dodging
 31571 | Shoals:3 | Noticed Mara
 31579 | Shoals:3 | Noticed HoaS's illusion
 31579 | Shoals:3 | Killed Mara
 31776 | Shoals:3 | Reached XP level 16. HP: 149/149 MP: 19/19
 31797 | Shoals:3 | Noticed Kirke
 31803 | Shoals:3 | Killed Kirke
 32114 | Shoals:3 | Noticed a kraken
 32148 | Shoals:3 | Killed a kraken
 32547 | Shoals:2 | Killed Ilsuiw
 33179 | Shoals:4 | Entered Level 4 of the Shoals
 34200 | Shoals:4 | Identified the +1 dagger of Egomania {flame, rF+ Str+4}
 34222 | Shoals:4 | Got Ykaty's Octavo of Numb Injury
 34338 | Shoals:4 | Noticed a kraken
 34347 | Shoals:4 | Killed a kraken
 34643 | Shoals:4 | Got a barnacled rune of Zot
 35147 | Spider:1 | Killed Jorgrun
 35209 | Spider:1 | Noticed Mlioglotl
 35391 | Shoals:1 | Identified the +6 whip "Zill" {freeze, rC++}
 35479 | Lair:3   | Killed Wumir's ghost
 35490 | Lair:3   | Identified the ring of Azikh {Ice Dex+3}
 35612 | Lair:2   | Killed zero's ghost
 35629 | Lair:2   | Identified the +6 rapier of Erustauj {freeze, rF- rCorr
                  | Dex+2 Stlth+}
 35710 | Lair:3   | Killed Mlioglotl
 36019 | Spider:1 | Reached XP level 17. HP: 161/161 MP: 20/20
 37108 | Spider:2 | Noticed Roxanne
 37118 | Spider:2 | Killed Roxanne
 38592 | Spider:4 | Entered Level 4 of the Spider Nest
 39489 | Spider:4 | Noticed Arachne
 39493 | Spider:4 | Noticed Louise
 39521 | Spider:4 | Killed Arachne
 39626 | Spider:4 | Killed Louise
 39858 | Spider:4 | Identified the +2 hat "Tion" {Str+4}
 39863 | Spider:4 | Got a gossamer rune of Zot
 40345 | Elf:1    | Entered Level 1 of the Elven Halls
 40361 | Elf:1    | Paralysed by an air elemental for 1 turns
 40386 | Elf:1    | Noticed Nikola
 40390 | Elf:1    | Killed Nikola
 40527 | Elf:1    | Reached XP level 18. HP: 172/172 MP: 21/21
 40552 | Elf:1    | Noticed a Hell Sentinel
 40604 | Elf:1    | Found a runed translucent gate.
 40604 | Elf:1    | Found a runed translucent gate.
 40604 | Elf:1    | Found a runed translucent gate.
 40604 | Elf:1    | Found a runed translucent gate.
 40604 | Elf:1    | Found a runed translucent gate.
 40607 | Elf:1    | Found a runed translucent gate.
 40619 | Elf:1    | Found Wamock's Armour Shop.
 40947 | Elf:1    | Found a gateway to a bazaar.
 40961 | Elf:1    | Identified a scroll of acquirement
 40974 | Bazaar   | Entered a bazaar
 40974 | Bazaar   | Found Rihown's Armour Shoppe.
 40974 | Bazaar   | Found Goqe's Book Boutique.
 40974 | Bazaar   | Found Lofuz's General Store.
 40974 | Bazaar   | Found Qoup's Magic Scroll Shop.
 40976 | Bazaar   | Found Riga's Book Shop.
 41007 | Bazaar   | Bought a scroll of teleportation for 42 gold pieces
 41007 | Bazaar   | Bought a scroll of magic mapping for 105 gold pieces
 41007 | Bazaar   | Bought a scroll of teleportation for 42 gold pieces
 41007 | Bazaar   | Bought a scroll of fog for 56 gold pieces
 41007 | Bazaar   | Bought a scroll of fear for 56 gold pieces
 41070 | Elf:1    | Identified the +9 dagger of the Everdark {freeze, rElec
                  | rF+++ Str-2 Dex+4}
 41121 | Elf:1    | Found Geamukank's Armour Shoppe.
 41476 | Elf:2    | Found Rynen's Book Boutique.
 41586 | Elf:2    | Found a runed translucent gate.
 41586 | Elf:2    | Found a runed translucent gate.
 41586 | Elf:2    | Found a runed translucent gate.
 42258 | Elf:2    | Acquired a +1 triple crossbow of electrocution
 42838 | Vaults:1 | Entered Level 1 of the Vaults
 43016 | Vaults:1 | Found a flickering gateway to a bazaar.
 43030 | Bazaar   | Entered a bazaar
 43047 | Bazaar   | Found Beshreow's Magic Scroll Shop.
 43078 | Bazaar   | Found Vemu's Magic Scroll Shop.
 43101 | Bazaar   | Found Tymi's Distillery.
 43127 | Bazaar   | Found Kacirphu's Distillery.
 43139 | Bazaar   | Bought a scroll of teleportation for 39 gold pieces
 43139 | Bazaar   | Bought a scroll of fear for 52 gold pieces
 43139 | Bazaar   | Bought a scroll of teleportation for 39 gold pieces
 43167 | Bazaar   | Bought a scroll of enchant weapon for 67 gold pieces
 43167 | Bazaar   | Bought a scroll of blinking for 67 gold pieces
 43167 | Bazaar   | Bought a scroll of fear for 36 gold pieces
 43167 | Bazaar   | Bought a scroll of blinking for 67 gold pieces
 43185 | Bazaar   | Bought a potion of heal wounds for 65 gold pieces
 43205 | Bazaar   | Bought a potion of curing for 27 gold pieces
 43205 | Bazaar   | Bought a potion of curing for 27 gold pieces
 43205 | Bazaar   | Bought a potion of invisibility for 72 gold pieces
 43429 | Vaults:1 | Found a runed translucent door.
 43429 | Vaults:1 | Noticed Dyrphilu's ghost (adept GnMo)
 43722 | Vaults:1 | Reached XP level 19. HP: 152/179 MP: 22/22
 44387 | Vaults:1 | Killed Dyrphilu's ghost
 44446 | Vaults:2 | Found Ofia's Armour Shoppe.
 44565 | Vaults:2 | Noticed Saint Roka
 44664 | Vaults:1 | Killed Saint Roka
 44773 | Vaults:2 | Noticed Sojobo
 44808 | Vaults:2 | Paralysed by an air elemental for 1 turns
 44812 | Vaults:2 | Paralysed by an air elemental for 1 turns
 45406 | Vaults:2 | Killed Sojobo
 46320 | Vaults:3 | Found a magical portal.
 46548 | Vaults:3 | Identified the +2 morningstar of Corporal Punishment
                  | {freeze, rElec rPois rCorr Dex-2}
 46779 | Vaults:3 | Found a staircase to the Crypt.
 47091 | Abyss:3  | Cast into level 3 of the Abyss (vault warden)
 47115 | Abyss:3  | Noticed a profane servitor
 47119 | Abyss:3  | Killed a profane servitor
 47237 | Vaults:4 | Escaped the Abyss
 47241 | Vaults:3 | Reached XP level 20. HP: 187/187 MP: 24/24
 47487 | Vaults:4 | Identified the +4 broad axe of Kiwna {flame, rF- rN++ rCorr
                  | Str+4}
 47554 | Vaults:4 | Noticed Aizul
 47558 | Vaults:4 | Killed Aizul
 48524 | Depths:1 | Entered Level 1 of the Depths
 49330 | Depths:1 | Noticed the Enchantress
 49399 | D:15     | Killed the Enchantress
 49950 | Depths:1 | Found a gateway to Hell.
 50564 | Depths:2 | Found a one-way gate leading to the halls of Pandemonium.
 50622 | Depths:2 | Reached XP level 21. HP: 175/198 MP: 25/25
 50851 | Depths:2 | Found a one-way gateway to a ziggurat.
 50945 | Depths:2 | Reached XP level 22. HP: 205/205 MP: 26/26
 52089 | Depths:4 | Entered Level 4 of the Depths
 52531 | Depths:4 | Noticed a juggernaut
 52531 | Depths:4 | Noticed a juggernaut
 52534 | Depths:4 | Noticed Awolom's ghost (veteran NaHW)
 52588 | Depths:4 | Found a gate to the Realm of Zot.
 52806 | Depths:4 | Found a transporter.
 52809 | Depths:4 | Found a transporter.
 53301 | Crypt:1  | Entered Level 1 of the Crypt
 54469 | Crypt:2  | Identified the +8 scale mail "Tiywneaf" {rPois}
 54948 | Crypt:2  | Reached XP level 23. HP: 67/216 MP: 27/27
 55266 | Crypt:3  | Entered Level 3 of the Crypt
 55844 | Crypt:3  | Found a runed translucent gate.
 55887 | Crypt:3  | Found a staircase to the Tomb.
 56196 | Crypt:3  | Noticed a dread lich
 56203 | Crypt:3  | Paralysed by a dread lich for 5 turns
 56211 | Crypt:3  | Paralysed by a dread lich for 3 turns
 56215 | Crypt:3  | Killed a dread lich
 56233 | Crypt:3  | Identified the amulet of Wipenu {RegenMP Harm rF+++ Regen+
                  | Str+3 Int-5}
 56250 | Crypt:3  | Identified the amulet of the Five Shrikes {Harm Regen+
                  | Dex+3 Stlth+}
 56376 | Crypt:3  | Found a runed translucent gate.
 56377 | Crypt:3  | Found a runed translucent gate.
 56380 | Crypt:3  | Noticed Etzawyl's ghost (adept OpEE)
 56800 | Crypt:3  | Got the Omnibus of the Mausoleum
 57601 | Elf:3    | Entered Level 3 of the Elven Halls
 58057 | Elf:3    | Found a runed translucent gate.
 58059 | Elf:3    | Found a runed translucent gate.
 58060 | Elf:3    | Found a runed translucent gate.
 58062 | Elf:3    | Noticed Ge0ff's ghost (adept HuHW)
 58553 | Elf:3    | Identified the +8 hand axe of Victory {pain, rC+ rN++
                  | Dex+2}
 58565 | Elf:3    | Identified the ring of Cawipal {rF+ Will+}
 58647 | Elf:3    | Identified the ring "Xeuf" {Fly rPois rF- Str-2 Dex+9}
 58649 | Elf:3    | Identified the +4 sling of the Enemy {elec, rN+++ Str-2
                  | Dex+7 Stlth-}
 58649 | Elf:3    | Identified the ring "Guemydd" {Fire Will- Str+4}
 58663 | Elf:3    | Identified the +1 sling of the Exiled Towns {freeze, rPois
                  | Str+2 Stlth-}
 58666 | Elf:3    | Identified the +1 sling "Beastslayer" {heavy, rPois rF-
                  | Str-4 Stlth+}
 58715 | Elf:3    | Identified the +7 chain mail of the Jackalope {*Slow rN+
                  | Regen+ Dex+3}
 58820 | Elf:3    | Killed Ge0ff's ghost
 59334 | Crypt:3  | Reached XP level 24. HP: 214/233 MP: 27/27
 59339 | Crypt:3  | Killed Etzawyl's ghost
 59369 | Crypt:3  | Identified the +2 quick blade of the Vendetta {drain,
                  | rPois}
 59370 | Crypt:3  | Identified the +2 leather armour of the Buccaneer {Fly
                  | rElec rF+ Dex-2}
 60123 | Vaults:5 | Entered Level 5 of the Vaults
 60329 | Vaults:5 | Paralysed by a sphinx for 3 turns
 61125 | Vaults:5 | Identified the +6 sling "Gezode" {flame, rElec rC+++ Str-3
                  | Dex-4}
 61298 | Vaults:5 | Identified the amulet of the Enemy {Reflect -Tele Dex+8
                  | SH+5}
 61404 | Vaults:5 | Noticed a dread lich
 61408 | Vaults:5 | Killed a dread lich
 61761 | Vaults:5 | Got a silver rune of Zot
 61771 | Vaults:5 | Found the +3 pair of mountain boots {steadfast, rC+}
 61805 | Vaults:5 | Identified the +2 leather armour of Hedging {rElec rF+ rN+
                  | Int+3}
 61805 | Vaults:5 | Identified the +3 buckler of Thoughtfulness {rCorr}
 61815 | Vaults:5 | Identified the +4 mace of Fundamental Breach {speed, Dex+4}
 61949 | Vaults:5 | Noticed a dread lich
 61952 | Vaults:5 | Paralysed by a dread lich for 3 turns
 61955 | Vaults:5 | Killed a dread lich
 62130 | Vaults:5 | Identified the +9 war axe "Kumomone" {heavy, rPois rC+}
 62176 | Vaults:5 | Identified the +0 scale mail of Uwiehom {rN+ rCorr Dex-5}
 62242 | Vaults:5 | Identified the ring of Okawaru's Approval {rPois Int+3}
 63085 | Zot:1    | Entered Level 1 of the Realm of Zot
 63540 | Zot:1    | Reached XP level 25. HP: 248/248 MP: 27/27
 64331 | Zot:1    | Identified the ring of the Amoeba {Ice rPois}
 64331 | Zot:1    | Noticed Josephina
 64339 | Zot:1    | Killed Josephina
 67982 | Zot:4    | Noticed an orb of fire
 67988 | Zot:4    | Killed an orb of fire
 68546 | Zot:4    | Noticed an orb of fire
 68748 | Zot:4    | Gained mutation: You do not regenerate when monsters are
                  | visible. [an orb of fire]
 68751 | Zot:4    | Gained mutation: You are dopey. (Int -2) [an orb of fire]
 68752 | Zot:4    | Killed an orb of fire
 69322 | Zot:4    | Reached XP level 26. HP: 264/264 MP: 27/27
 69404 | Zot:4    | Found the +4 dragonskin cloak
 69404 | Zot:4    | Noticed Tiamat
 69579 | Zot:4    | Killed Tiamat
 69580 | Zot:4    | Reached skill level 27 in Ranged Weapons
 69614 | Zot:5    | Entered Level 5 of the Realm of Zot
 70436 | Hell     | Entered the Vestibule of Hell
 70436 | Hell     | Noticed Geryon
 71048 | Hell     | Killed Geryon
 71049 | Hell     | Reached skill level 27 in Fighting
 71049 | Hell     | Reached skill level 27 in Dodging
 71245 | Hell     | Found a gateway to the Iron City of Dis.
 71281 | Hell     | Found a gateway to the ashen valley of Gehenna.
 71294 | Hell     | Reached skill level 5 in Armour
 71361 | Hell     | Found a gateway to the decaying netherworld of Tartarus.
 71442 | Hell     | Found a gateway to the freezing wastes of Cocytus.
 71670 | Zot:5    | Noticed an ancient lich
 71685 | Zot:5    | Noticed an orb of fire
 71689 | Zot:5    | Noticed an orb of fire
 71691 | Zot:5    | Noticed a dread lich
 71692 | Zot:5    | Killed an ancient lich
 71692 | Zot:5    | Gained mutation: Armour fits poorly on your strangely
                  | shaped body. [an orb of fire]
 71694 | Zot:5    | Gained mutation: Potions are less effective at restoring
                  | your health. [an orb of fire]
 71695 | Zot:5    | Gained mutation: You occasionally lose the ability to drink
                  | potions when taking damage. [an orb of fire]
 71923 | Zot:5    | Noticed a dread lich
 71927 | Zot:5    | Killed a dread lich
 71945 | Zot:5    | Noticed a dread lich
 71970 | Zot:5    | Reached skill level 10 in Armour
 71985 | Zot:5    | Gained mutation: You have a pair of small antennae on your
                  | head. [an orb of fire]
 71986 | Zot:5    | Gained mutation: Your body sometimes deteriorates upon
                  | taking damage. [an orb of fire]
 72209 | Zot:5    | Gained mutation: You are frail. (-10% HP) [an orb of fire]
 72213 | Zot:5    | Killed an orb of fire
 72352 | Zot:5    | Gained mutation: You are vulnerable to heat. (rF-) [an orb
                  | of fire]
 72353 | Zot:5    | Killed an orb of fire
 72357 | Zot:5    | Killed a dread lich
 72405 | Zot:5    | Killed a dread lich
 72516 | Zot:5    | Got the Orb of Zot
 72852 | D:13     | Reached XP level 27. HP: 245/245 MP: 27/27
 73079 | D:1      | Lost mutation: Potions are less effective at restoring your
                  | health. [potion of mutation]
 73079 | D:1      | Lost mutation: You occasionally lose the ability to drink
                  | potions when taking damage. [potion of mutation]
 73079 | D:1      | Gained mutation: You have very sharp teeth. [potion of
                  | mutation]
 73079 | D:1      | Gained mutation: Your body often deteriorates upon taking
                  | damage. [potion of mutation]
 73079 | D:1      | Gained mutation: Your movements are slightly less
                  | encumbered by armour. (ER -2) [potion of mutation]
 73080 | D:1      | Lost mutation: Armour fits poorly on your strangely shaped
                  | body. [potion of mutation]
 73080 | D:1      | Lost mutation: You are dopey. (Int -2) [potion of mutation]
 73080 | D:1      | Lost mutation: You are vulnerable to heat. (rF-) [potion of
                  | mutation]
 73080 | D:1      | Gained mutation: You sometimes lose your temper in combat.
                  | [potion of mutation]
 73080 | D:1      | Gained mutation: Your movements are less encumbered by
                  | armour. (ER -4) [potion of mutation]
 73080 | D:1      | Lost mutation: Your movements are less encumbered by
                  | armour. (ER -4) [potion of mutation]
 73080 | D:1      | Gained mutation: You have a considerably increased
                  | reservoir of magic. (+20% MP) [potion of mutation]
 73081 | D:1      | Lost mutation: Your movements are slightly less encumbered
                  | by armour. (ER -2) [potion of mutation]
 73081 | D:1      | Lost mutation: You do not regenerate when monsters are
                  | visible. [potion of mutation]
 73081 | D:1      | Lost mutation: You have a pair of small antennae on your
                  | head. [potion of mutation]
 73081 | D:1      | Gained mutation: Your spells are a little easier to cast,
                  | but a little less powerful. [potion of mutation]
 73081 | D:1      | Lost mutation: You have a considerably increased reservoir
                  | of magic. (+20% MP) [potion of mutation]
 73081 | D:1      | Lost mutation: You are frail. (-10% HP) [potion of
                  | mutation]
 73083 | D:$      | Escaped with the Orb!

Illustrated notes

Levels and vault maps discovered:
D:1:      minmay_arrival_glassed_features, layout_loops_ring
D:2:      layout_rooms, basic_altar, minmay_pentomino_r4, uniq_robin
D:3:      kennysheep_goblin_castle, layout_basic, minmay_cut_off
D:4:      layout_loops_ring, uniq_edmund
D:5:      minmay_goblin_kobold_castle, layout_basic, minivault_14
D:6:      layout_loops_cross, minmay_temple_entry_glass, serial_shops, shop,
          minmay_starry_boxes
D:7:      layout_gridville, gammafunk_ghost_grave, enter_bailey_2
D:8:      layout_cave_pools, nicolae_overflow_hidden_temple
D:9:      layout_roguey, mainiacjoe_overflow_small_starburst, serial_aquarium,
          aquarium_bridge_square [aquarium_subvault_window,
          aquarium_subvault_bridge, aquarium_subvault_wall,
          aquarium_subvault_wall], aquarium_bridge_straight
          [aquarium_subvault_bridge, aquarium_subvault_wall,
          aquarium_subvault_bridge, aquarium_subvault_window],
          aquarium_window_fake, aquarium_window_2, aquarium_view_2b,
          aquarium_view_2c, uniq_maggie
D:10:     minmay_diamond_stairs, layout_cave_pools,
          kennysheep_opposing_triangles, uniq_maurice, uniq_fannar
D:11:     layout_loops_ring, erik_lair_island, david_orc_2,
          ebering_ghost_reflecting_pool, uniq_erica, uniq_snorg
D:12:     layout_gridville, portal_ice_cave_entry_pillars_2,
          hangedman_decor_diamond_cutter, tso_oasis_becter
D:13:     layout_roguey, david_vaults_2, nicolae_shop_sticking_my_neck_out,
          uniq_frances
D:14:     layout_roguey, minmay_door_square
D:15:     grunt_enter_depths_giant_problem, layout_basic, serial_corexii_hall,
          corexii_hall_statues_x, corexii_hall_statues_t, kennysheep_doodads,
          minivault_26
Lair:1:   statuecave_lemuel, layout_chaotic_city
Lair:2:   layout_roguey, minmay_shoals_entry_centaurs, gammafunk_ghost_hive,
          lemuel_fruit_tree
Lair:3:   layout_cave_pods, hellmonk_spider_entry_not_the_bees,
          gammafunk_ghost_berserking_beasts, eino_house_with_fridge,
          grunt_megastairs_2, uniq_nergalle
Lair:4:   layout_regular_city, minmay_slime_entry_oklob_enclosed,
          grunt_megastairs_3, uniq_sonja
Lair:5:   minmay_lair_end_enchanted_forest, layout_gridlike, minivault_25,
          infiniplex_staircase_pool
Shoals:1: layout_shoals, nicolae_shoals_abyss_on_the_beach
Shoals:2: layout_shoals, uniq_ilsuiw
Shoals:3: layout_shoals, uniq_mara, uniq_kirke
Shoals:4: shoals_end_grunt_garden, layout_shoals, shoals_ilsuiw_ice
Spider:1: layout_spider_delve, uniq_mlioglotl, uniq_jorgrun
Spider:2: layout_chambers, uniq_roxanne
Spider:3: layout_spider_delve
Spider:4: hellmonk_spider_rune_endless_swarm, nicolae_spider_nook, uniq_louise,
          uniq_arachne
Orc:1:    layout_diamond_mine, serial_shops, nicolae_shop_trees
Orc:2:    st_orc_open, layout_caves
Elf:1:    nicolae_elf_arrival_aired_out, layout_loops_corners, serial_shops,
          statue_bzr, nicolae_shop_stone, nicolae_diamond_shop, orc_legates,
          uniq_nikola
Elf:2:    nicolae_elf_blades_splatter_lattice [nicolae_blade_little_rooms],
          layout_onion_city, serial_shops, nicolae_shop_crystal
Elf:3:    minmay_elf_hall_four_x, layout_geoelf_grid, ebering_ghost_gozag
Vaults:1: hellmonk_ghost_happy_afterlife, nicolae_vaults_theta,
          grunt_vaults_focal, grunt_vaults_funnel, v_misc_27, v_pattern_3,
          vaults_mumra_lcd, v_misc_33, vaults_room_pool,
          nicolae_vaults_little_squares_3, layout_vaults_omnigrid, serial_shops,
          bzr_entry_lakeside
Vaults:2: hangedman_vaults_nails, st_hourglassy, vaults_room_semicircle,
          v_alt_pattern_2, vaults_room_stairs_pillars,
          ontoclasm_vaults_misaligned, ontoclasm_vaults_spin,
          hangedman_vaults_capsules, v_misc_28, nicolae_vaults_alarming,
          vaults_room_pool, vaults_dpeg_emergency_exit,
          layout_vaults_maze_bifur, serial_glass, serial_shops, shop,
          uniq_saint_roka, uniq_sojobo, uniq_margery
Vaults:3: mu_enter_wizlab_5, minmay_crypt_entry_necro_gods,
          nicolae_vaults_ninety_degrees, ontoclasm_vaults_gateway,
          vaults_dpeg_diagonal, v_misc_24, nicolae_vaults_ring_of_whatevers,
          ontoclasm_vaults_loading_screen, hangedman_vaults_maws,
          layout_vaults_big_room
Vaults:4: v_misc_11, st_lattice, dpeg_vaults_monster_row,
          dpeg_vaults_monster_box, nicolae_vaults_what_the_h,
          ontoclasm_vaults_ring_large, v_alt_pattern_6, vaults_room_corners,
          vaults_room_ringed_pool, layout_vaults_big_cross, uniq_aizul
Vaults:5
Crypt:1:  layout_misc_corridors
Crypt:2:  cheibrodos_crypt_down_in_the_bonehoard, layout_regular_city
Crypt:3:  church_of_pain_bobbens, layout_chaotic_city,
          nicolae_tomb_entry_unfolded_pyramid_diagonal,
          gammafunk_ghost_fury_of_okawaru, st_stairs_4,
          minmay_misc_feat_hallway, hangedman_weighted_door
Depths:1: layout_cave_shapes, grunt_hell_entry_dis_grunt, abyss_entry_glasseish,
          nicolae_dithmenos_through_a_glass_darkly,
          yredelemnul_forgotten_temple_becter, uniq_enchantress
Depths:2: kennysheep_room_grid, layout_small_grid, enter_ziggurat_b, pan_entry,
          hell_entry
Depths:3: nicolae_cairo_tiling_large, layout_basic, rand_demon_pan_entry_5,
          pf_vacation_house_of_asmodeus, abyss_entry,
          hellmonk_bongcloud_opening, kennysheep_flooded_box,
          nicolae_vehumet_altar_sigil
Depths:4: grunt_twist_and_shout, layout_gridlike, minmay_misc_feat_square,
          gammafunk_ghost_wrathful_warriors, serial_glass, glass_columns_a,
          glass_columns_b, hell_entry
Hell
Zot:1:    nicolae_moth_party, layout_gridlike, zot_minivault_1, uniq_josephina
Zot:2:    layout_cathedral_of_symmetry
Zot:3:    layout_basic, zot_minivault_8
Zot:4:    kennysheep_bubbly, layout_gridlike, lemuel_golem_globe, uniq_tiamat
Zot:5:    layout_cellular_growth

Skill      XL: |  1  2  3  4  5  6  7  8  9 10 11 12 13 14 15 16 17 18 19 20 21 22 23 24 25 26 |
---------------+-------------------------------------------------------------------------------+-----
Ranged Weapons | 4 5 6 8 9 11 14 16 18 19 22 24 26 27 | 27.0
Fighting       | 3 8 11 13 15 17 18 19 20 22 24 26 27 | 27.0
Dodging        | 3 8 11 13 15 17 18 19 20 22 25 26 27 | 27.0
Armour         | 4 13 | 13.5
Stealth        | |  0.8

Action                   |  1- 3 |  4- 6 |  7- 9 | 10-12 | 13-15 | 16-18 | 19-21 | 22-24 | 25-27 || total
-------------------------+-------+-------+-------+-------+-------+-------+-------+-------+-------++-------
 Fire: Shortbow          |   109 |   274 |   603 |       |       |       |       |       |       ||   986
       Arbalest          |       |       |    57 |   653 |  1134 |  1328 |       |       |       ||  3172
       Triple crossbow   |       |       |       |       |       |   178 |   863 |  1429 |  1104 ||  3574
Evoke: Wand              |       |       |       |     2 |       |       |       |       |     1 ||     3
  Use: Scroll            |     5 |    10 |    12 |     6 |    11 |     3 |     7 |     9 |     6 ||    69
       Potion            |       |     1 |     5 |     3 |     3 |     5 |     1 |     4 |     3 ||    25
Armor: Leather armour    |     6 |    35 |    71 |       |       |       |       |       |       ||   112
       Steam dragon scal |       |       |    41 |   123 |    73 |   131 |    43 |    87 |    76 ||   574
       Acid dragon scale |       |       |       |       |       |       |     1 |    25 |       ||    26
Dodge: Dodged            |    38 |   140 |   323 |   337 |   633 |  2051 |   840 |  1554 |  2063 ||  7979

Table legend: (Time is in decaauts)
 A = Elapsed time spent in this place.
 B = Non-inter-level travel time spent in this place.
 C = Inter-level travel time spent in this place.
 D = Time resting spent in this place.
 E = Time spent auto-exploring this place.
 F = Levels seen in this place.
 G = Mean time per level.
                   A        B        C        D        E       F      G
               +--------+--------+--------+--------+--------+-----+--------+
         Total |  73676 |  66989 |   6687 |  20038 |  32341 |  56 | 1315.6 |
       Dungeon |  19239 |  17138 |   2101 |   5205 |   8244 |  15 | 1282.6 |
          Lair |   8191 |   7274 |    917 |   2572 |   3156 |   5 | 1638.2 |
        Shoals |   5643 |   5447 |    196 |   1630 |   2770 |   4 | 1410.8 |
   Spider Nest |   4296 |   4122 |    174 |    914 |   2327 |   4 | 1074.0 |
  Orcish Mines |   3463 |   3152 |    311 |   1982 |    670 |   2 | 1731.5 |
   Elven Halls |   3896 |   3454 |    442 |    396 |   2145 |   3 | 1298.7 |
        Vaults |   8775 |   7624 |   1151 |   2342 |   3696 |   5 | 1755.0 |
         Crypt |   4176 |   3868 |    308 |    820 |   2062 |   3 | 1392.0 |
        Depths |   4825 |   4297 |    528 |   1250 |   2174 |   4 | 1206.2 |
          Hell |    619 |    606 |     13 |    126 |    222 |   1 |  619.0 |
           Zot |   8507 |   7965 |    542 |   2209 |   4114 |   5 | 1701.4 |
         Abyss |    148 |    148 |      0 |     16 |     62 |   1 |  148.0 |
        Bazaar |    231 |    231 |      0 |      0 |    156 |   2 |  115.5 |
        Bailey |   1093 |   1093 |      0 |    293 |    370 |   1 | 1093.0 |
      Ice Cave |    565 |    565 |      0 |    280 |    171 |   1 |  565.0 |
               +--------+--------+--------+--------+--------+-----+--------+

Top non-repeatable levels by time:
  Lair:3: 2380 daAuts
    D:11: 2346 daAuts
     D:5: 2225 daAuts
Vaults:5: 2065 daAuts
Vaults:1: 2059 daAuts
   Zot:4: 2053 daAuts
 Crypt:3: 1805 daAuts
   Zot:2: 1789 daAuts
   Orc:2: 1756 daAuts
Vaults:4: 1731 daAuts
Vaults:2: 1709 daAuts
   Orc:1: 1707 daAuts
    D:15: 1647 daAuts
  Lair:4: 1629 daAuts
 Crypt:2: 1627 daAuts
